Map: Galactic Process LE

Players

IlIlIlIlIlIl (Naniwa)

  • Race: Terran Terran
  • League: Master
  • Spawn Location: 7:00

llllIlIlllIl - Winner!

  • Race: Protoss Protoss
  • League: Master
  • Spawn Location: 1:00

VOD

Have the link to the VOD?

Description

Time

  • Played on: Oct. 26, 2016, 2:56 p.m.
  • Length: 7:52
Show
View Real Time Build Order
Export as new Build Order

IlIlIlIlIlIl Terran 

Build Orders: Hellion Banshee 

Get SALT Encoding   

  12  0:01  SCV  
  13  0:13  SCV  
  14  0:17  Supply Depot  
  14  0:25  SCV  
  14  0:28  Refinery  
  15  0:39  SCV  
  16  0:45  Barracks  
  16  0:51  SCV  
  17  1:03  SCV  
  18  1:15  SCV  
  19  1:31  Marine  
  20  1:33  Factory  
  20  1:34  Orbital Command  
  20  1:52  Barracks Reactor  
  20  2:00  Command Center  
  20  2:02  SCV  
  21  2:12  Supply Depot  
  21  2:15  SCV  
  22  2:27  SCV  
  25  2:39  SCV  
  25  2:40  Starport  
  25  2:44  Barracks Tech Lab  
  24  2:52  Hellion x2  
  24  2:53  SCV  
  29  2:58  Supply Depot  
  29  3:06  SCV, Refinery  
  29  3:11  Orbital Command  
  30  3:16  Hellion  
  30  3:17  Hellion  
  34  3:21  SCV  
  35  3:29  Bunker  
  35  3:33  SCV  
  36  3:35  Cloaking Field  
  34  3:41  Banshee  
  34  3:46  SCV  
  36  3:49  SCV  
  36  3:52  Hellion  
  36  3:55  Hellion  
  41  4:03  SCV x2  
  43  4:12  Supply Depot  
  43  4:15  Engineering Bay, SCV x2  
  45  4:18  Barracks  
  45  4:19  Barracks Tech Lab  
  45  4:31  Banshee  
  45  4:33  SCV, Barracks  
  45  4:34  SCV  
  50  4:45  Terran Infantry Weapons Level 1, SCV  
  50  4:46  SCV  
  50  4:50  Missile Turret  
  50  4:51  Stimpack, Marine  
  53  5:03  SCV x2  
  53  5:14  Barracks  
  53  5:16  Barracks  
  53  5:17  Factory Reactor  
  53  5:21  Marauder  
  55  5:29  Barracks Reactor  
  55  5:32  SCV x2  
  57  5:36  Command Center  
  57  5:37  Supply Depot  
  57  5:38  Supply Depot  
  57  5:39  Supply Depot  
  57  5:40  Supply Depot  
  57  5:45  Medivac x2  
  61  5:59  Marauder x2  
  61  6:00  Supply Depot  
  65  6:06  Barracks Tech Lab  
  65  6:07  Marine x2  
  67  6:22  SCV x2  
  67  6:25  Refinery  
  69  6:26  Refinery  
  69  6:28  Marauder x2  
  69  6:29  Marine x4  
  77  6:44  Supply Depot, SCV x2  
  77  6:45  Supply Depot  
  77  6:46  Supply Depot  
  79  6:49  Marauder  
  79  6:50  Orbital Command  
  81  6:55  Medivac  
  81  6:57  Marauder  
  81  7:00  Marine x4  
  89  7:09  SCV x2  
  89  7:11  Marauder  
Show
View Real Time Build Order
Export as new Build Order

llllIlIlllIl Protoss - Winner!

Build Orders: 1 Gate Expand 

Get SALT Encoding   

  12  0:00  Probe (Chrono Boost)  
  13  0:11  Probe (Chrono Boost)  
  14  0:18  Pylon  
  14  0:22  Probe (Chrono Boost)  
  15  0:37  Probe (Chrono Boost), Gateway  
  15  0:42  Assimilator  
  16  0:47  Probe (Chrono Boost)  
  17  0:58  Probe (Chrono Boost)  
  18  1:08  Probe (Chrono Boost)  
  19  1:20  Nexus  
  19  1:31  Cybernetics Core  
  19  1:34  Probe (Chrono Boost)  
  19  1:39  Assimilator  
  20  1:45  Probe (Chrono Boost)  
  21  1:52  Pylon  
  21  1:57  Probe (Chrono Boost)  
  22  2:07  Warp Gate  
  22  2:08  Probe  
  23  2:11  Adept (Chrono Boost)  
  25  2:20  Mothership Core (Chrono Boost)  
  27  2:32  Probe (Chrono Boost)  
  27  2:34  Stalker (Chrono Boost)  
  30  2:40  Probe (Chrono Boost)  
  30  2:43  Probe (Chrono Boost)  
  32  2:51  Probe (Chrono Boost)  
  33  2:53  Probe (Chrono Boost)  
  33  2:55  Robotics Facility  
  34  3:02  Probe  
  34  3:03  Probe  
  34  3:04  Stalker (Chrono Boost)  
  38  3:15  Probe x2  
  40  3:26  Gateway  
  40  3:27  Probe x2 (Chrono Boost)  
  40  3:28  Gateway  
  42  3:38  Probe (Chrono Boost)  
  43  3:45  Probe (Chrono Boost)  
  46  3:51  Probe  
  46  3:52  Pylon  
  46  3:53  Observer (Chrono Boost)  
  46  3:55  Assimilator  
  46  4:09  Probe  
  46  4:10  Probe  
  46  4:11  Pylon  
  46  4:13  Nexus  
  46  4:14  Observer (Chrono Boost)  
  49  4:19  Probe  
  49  4:20  Pylon  
  49  4:22  Probe  
  49  4:23  Sentry  
  53  4:27  Pylon  
  53  4:30  Probe  
  53  4:32  Stalker, Observer (Chrono Boost)  
  53  4:34  Stalker  
  59  4:41  Probe  
  59  4:44  Probe  
  60  4:48  Twilight Council  
  60  4:50  Forge  
  60  4:51  Observer (Chrono Boost)  
  62  5:00  Probe x2  
  64  5:10  Probe  
  64  5:11  Gateway  
  64  5:12  Probe  
  64  5:13  Gateway  
  64  5:14  Gateway  
  66  5:16  Pylon  
  66  5:17  Gateway  
  66  5:21  Stalker  
  68  5:23  Stalker  
  68  5:25  Probe  
  68  5:26  Probe  
  68  5:27  Protoss Ground Weapons Level 1  
  72  5:30  Probe  
  72  5:31  Assimilator  
  73  5:35  Resonating Glaives (Chrono Boost)  
  73  5:37  Probe  
  73  5:38  Probe  
  75  5:48  Probe x2  
  77  5:50  Probe  
  77  5:53  Sentry  
  77  5:54  Sentry  
  82  5:58  Gateway  
  82  6:00  Warp Prism (Chrono Boost), Probe x2  
  86  6:06  Pylon, Probe  
  86  6:09  Stalker  
  89  6:12  Probe x2  
  91  6:19  Adept x4  
  91  6:24  Pylon  
  99  6:28  Photon Cannon  
  99  6:33  Photon Cannon  
  99  6:43  Pylon  
  99  6:44  Adept x5  
  109  6:49  Adept x2  
  109  6:53  Assimilator, Probe x3  
  116  7:01  Assimilator  
  116  7:05  Adept x4  
  124  7:10  Pylon  
  124  7:12  Pylon x2  
  121  7:34  Adept x4  
  121  7:35  Adept x4  
Tags
 
Add a new tag
Caveats
  • Supply blocks, unpowered buildings, or Contaminate may cause inaccurate times.
  • Supply counts are checked every 10 seconds.